 Dungeon Sprint DCSS version 0.26-a0-652-gafc20e3620 (webtiles) character file.

Game seed: 8991664989006619181

158 sahdkjhfkaj the Destroyer (level 5, -1/31 HPs)
             Began as an Octopode Conjurer on Oct 3, 2020.
             Was a Follower of Sif Muna.
             Slain by a phantom (6 damage)
             ... in the Dungeon (Sprint IX: "|||||||||||||||||||||||||||||").
             The game lasted 00:01:08 (718 turns).

sahdkjhfkaj the Destroyer (Octopode Conjurer)        Turns: 718, Time: 00:01:09

Health: -1/31      AC:  5    Str:  6    XL:     5   Next: 40%
Magic:  5/13       EV: 13    Int: 21    God:    Sif Muna [*.....]
Gold:   0          SH:  0    Dex: 11    Spells: 12/15 levels left

rFire    . . .     SeeInvis .   j - +2 scimitar (holy)
rCold    . . .     Faith    .   (no shield)
rNeg     . . .     Spirit   .   (helmet restricted)
rPois    .         Reflect  .   (no amulet)
rElec    .         Harm     .   k - +2 ring of protection
rCorr    .         Rampage  .   l - +2 ring of protection
MR       .....     NoTele   +   (no ring)
Stlth    +++.......             (no ring)
HPRegen  0.10/turn              (no ring)
MPRegen  0.13/turn              (no ring)
                                (no ring)
                                (no ring)

@: no status effects
A: almost no armour, stealthy swim, amphibious, 8 rings, constrict 8, camouflage
1, gelatinous body 1
a: Channel Magic, Renounce Religion


You were in the Dungeon.
You worshipped Sif Muna.
Sif Muna was aware of your devotion.
You visited 1 branch

Inventory:

Hand Weapons
 j - a +2 scimitar of holy wrath (weapon)
Jewellery
 k - a +2 ring of protection (left tentacle)
 l - a +2 ring of protection (right tentacle)
Wands
 i - a wand of iceblast (10)
Scrolls
 f - 3 scrolls of remove curse
 g - 2 scrolls of blinking
 h - 2 scrolls of amnesia
Potions
 a - a potion of invisibility
 b - 4 potions of curing
 c - 3 potions of heal wounds
 d - a potion of haste
 e - 4 potions of magic


   Skills:
 - Level 2.0 Dodging
 - Level 2.6 Stealth
 + Level 5.8 Spellcasting
 * Level 9.5 Conjurations


You had 12 spell levels left.
You knew the following spells:

 Your Spells              Type           Power        Failure   Level
a - Magic Dart            Conj           ####         1%          1
b - Searing Ray           Conj           #####.       1%          2

Your spell library contained the following spells:

 Spells                   Type           Power        Failure   Level
 Dazzling Flash           Conj/Hex       ####..       4%          3
 Fulminant Prism          Conj/Hex       ####......   14%         4
 Iskenderun's Mystic Bla  Conj/Tloc      ####....     14%         4


Dungeon Overview and Level Annotations

Branches:
Dungeon (1/1)

Altars:
Cheibriados
Dithmenos
Elyvilon
Fedhas
Gozag
Hepliaklqana
Kikubaaqudgha
Makhleb
Nemelex Xobeh
Okawaru
Qazlal
Ru
Sif Muna
Trog
Uskayaw
Vehumet
Wu Jian
Xom
Yredelemnul
Zin
The Shining One
Beogh
Jiyva
Lugonu


Innate Abilities, Weirdness & Mutations

You cannot wear most types of armour.
You are very stealthy in the water. (Stealth+)
You are amphibious.
You can wear up to eight rings at the same time.
You can use your tentacles to constrict eight enemies at once.
Your skin changes colour to match your surroundings (Stealth+).
Your rubbery body absorbs attacks. (AC +1, EV +1)


Message History

Casting: Searing Ray (safe; 1% risk of failure)
Confirm with . or Enter, or press ? or * to list all spells.
Aiming: Searing Ray (safe; 1% risk of failure)
Press: ? - help, Shift-Dir - straight line, f/p - phantom
Aim: a phantom (moderately damaged)
The searing ray hits the phantom.
The phantom is moderately damaged. (Press . to maintain the ray.) Unknown command.
Press < or > to pray at altars.
The searing ray hits the phantom!
The phantom is severely damaged.
The phantom hits you!
* * * LOW HITPOINT WARNING * * *
Unknown command.
Press < or > to pray at altars.
The searing ray hits the phantom!
The phantom is severely damaged.
The phantom hits you.
You die...

▓_▓
▓_▓
▓_▓
▓_▓
▓_▓
▓_▓
▓_▓
▓_▓
▓@▓
▓W▓
▓_▓
▓_▓
▓_▓
▓_▓
▓_▓
▓_▓
▓_▓


You could see a phantom.

Vanquished Creatures
  A bullfrog (D)
  A jelly (D)
  A worker ant (D)
  2 adders (D)
  A shadow imp (D)
  A dart slug (D)
  A leopard gecko (D)
  3 orcs (D)
  A goblin (D)
  2 hobgoblins (D)
  A kobold (D)
15 creatures vanquished.

Notes
Turn   | Place    | Note
-------+----------+-------------------------------------------
     0 | D        | sahdkjhfkaj the Octopode Conjurer began the quest for the
                  | Orb.
     0 | D        | Reached XP level 1. HP: 11/11 MP: 3/3
    23 | D        | Reached skill level 5 in Conjurations
    24 | D        | Reached XP level 2. HP: 1/17 MP: 1/5
   335 | D        | Learned a level 2 spell: Searing Ray
   342 | D        | Reached skill level 6 in Conjurations
   342 | D        | Reached XP level 3. HP: 5/21 MP: 1/8
   360 | D        | HP: 1/21 [orc/+0 flail (5)]
   530 | D        | Found a roughly hewn altar of Beogh.
   530 | D        | Found a snail-covered altar of Cheibriados.
   530 | D        | Found a shadowy altar of Dithmenos.
   530 | D        | Found a white marble altar of Elyvilon.
   530 | D        | Found a blossoming altar of Fedhas.
   530 | D        | Found an opulent altar of Gozag.
   531 | D        | Found a hazy altar of Hepliaklqana.
   532 | D        | Found a viscous altar of Jiyva.
   533 | D        | Found an ancient bone altar of Kikubaaqudgha.
   534 | D        | Found a corrupted altar of Lugonu.
   535 | D        | Found a burning altar of Makhleb.
   536 | D        | Found a sparkling altar of Nemelex Xobeh.
   537 | D        | Found an iron altar of Okawaru.
   538 | D        | Found a stormy altar of Qazlal.
   539 | D        | Found a sacrificial altar of Ru.
   540 | D        | Found a shimmering blue altar of Sif Muna.
   541 | D        | Found a bloodstained altar of Trog.
   542 | D        | Found a hide-covered altar of Uskayaw.
   543 | D        | Found a radiant altar of Vehumet.
   544 | D        | Found an ornate altar of the Wu Jian Council.
   545 | D        | Found a shimmering altar of Xom.
   546 | D        | Found a basalt altar of Yredelemnul.
   547 | D        | Found a glowing silver altar of Zin.
   548 | D        | Became a worshipper of Sif Muna the Loreminder
   549 | D        | Found a glowing golden altar of the Shining One.
   577 | D        | Noticed a bullfrog
   577 | D        | Noticed a phantom
   579 | D        | Reached skill level 7 in Conjurations
   579 | D        | Reached XP level 4. HP: 27/27 MP: 6/10
   581 | D        | Killed a bullfrog
   581 | D        | Reached * piety under Sif Muna
   581 | D        | Reached skill level 5 in Spellcasting
   581 | D        | Reached skill level 9 in Conjurations
   581 | D        | Reached XP level 5. HP: 31/31 MP: 5/13
   718 | D        | Slain by a phantom

Illustrated notes

Levels and vault maps discovered:
D:        linesprint [early_d, line_temple, items_1, d_10, items_2, lair_1,
          lair_end, items_3, orc_1, orc_end, items_4, d_15, swamp_1, shoals_1,
          snake_1, spider_1, d_20, vaults_1, items_5, swamp_end, shoals_end,
          snake_end, spider_end, vaults_end, d_27, items_6, zot_1, zot_end,
          crypt_end, forest_end, elf_end, slime_end, tomb_end, abyss_end,
          pan_hell_end]

Skill      XL: |  1  2  3  4 |
---------------+-------------+-----
Conjurations   | 5 6 7 9 |  9.5
Spellcasting   | 4 5 |  5.8
Dodging        | |  2.0
Stealth        | |  2.6

Action                   |  1- 3 |  4- 6 || total
-------------------------+-------+-------++-------
Melee: Unarmed           |    15 |       ||    15
       Constrict         |     5 |       ||     5
       Tentacles         |     1 |       ||     1
       Scimitar          |       |     3 ||     3
 Cast: Magic Dart        |     5 |       ||     5
       Searing Ray       |     2 |     3 ||     5
  Use: Potion            |     2 |       ||     2
Dodge: Dodged            |     9 |       ||     9
       Rpst.: Scimitar   |     1 |       ||     1

Table legend: (Time is in decaauts)
 A = Elapsed time spent in this place.
 B = Non-inter-level travel time spent in this place.
 C = Inter-level travel time spent in this place.
 D = Time resting spent in this place.
 E = Time spent auto-exploring this place.
 F = Levels seen in this place.
 G = Mean time per level.
                   A        B        C        D        E       F      G
               +--------+--------+--------+--------+--------+-----+--------+
         Total |    722 |    722 |      0 |    508 |     59 |   1 |  722.0 |
       Dungeon |    722 |    722 |      0 |    508 |     59 |   1 |  722.0 |
               +--------+--------+--------+--------+--------+-----+--------+

Top non-repeatable levels by time:
       D: 722 daAuts
